 Dungeon Crawl Stone Soup version 0.24-a0-378-g94936e539c (webtiles) character file.

Game seed: 8697593465977227584

53 HAL9000 the Sneak (level 3, -1/18 HPs)
             Began as a Vine Stalker Assassin on June 2, 2019.
             Killed from afar by Sigmund (9 damage)
             ... with a puff of flame
             ... on level 2 of the Dungeon.
             The game lasted 00:01:16 (1146 turns).

HAL9000 the Sneak (Vine Stalker Assassin)           Turns: 1146, Time: 00:01:17

Health: -1/18      AC:  4    Str: 14    XL:     3   Next: 87%
Magic:  0/4        EV: 11    Int: 15    God:
Gold:   62         SH:  0    Dex: 15    Spells: 2/2 levels left

rFire    . . .     SeeInvis .   a - +2 dagger
rCold    . . .     Gourm    .   (no shield)
rNeg     . . .     Faith    .   b - +0 robe
rPois    .         Spirit   +   (no helmet)
rElec    .         Reflect  .   c - +0 cloak
rCorr    .         Harm     .   l - +0 pair of gloves
MR       .....                  (no boots)
Stlth    +.........             (no amulet)
HPRegen  0.06/turn              m - +4 ring of intelligence
MPRegen  0.09/turn              (no ring)

@: confused
A: fangs 2, magic shield, antimagic bite, no potion heal 3, rot immunity
a: no special abilities


You were on level 2 of the Dungeon.
You were not hungry.

You visited 1 branch of the dungeon, and saw 2 of its levels.

You collected 62 gold pieces.

Inventory:

Hand Weapons
 a - a +2 dagger (weapon)
Missiles
 d - 8 poisoned darts (quivered)
 e - 2 curare-tipped darts
Armour
 b - a +0 robe (worn)
 c - a +0 cloak (worn)
 l - a +0 pair of gloves (worn)
Jewellery
 g - an uncursed ring of ice
 m - a +4 ring of intelligence (left hand)
Scrolls
 i - a scroll of remove curse {unknown}
 k - a scroll of magic mapping {unknown}
 n - 2 scrolls of fog {unknown}
 o - 2 scrolls of identify {unknown}
Potions
 h - a potion of flight {unknown}
 j - a potion of curing {unknown}
Comestibles
 f - 3 rations


   Skills:
 - Level 1.7 Fighting
 + Level 3.7 Short Blades
 - Level 1.7 Throwing
 - Level 0.7 Dodging
 - Level 4.8 Stealth


You had 2 spell levels left.
You didn't know any spells.
Your spell library was empty.

Dungeon Overview and Level Annotations

Branches:
Dungeon (2/15)

Altars:

Annotations:
D:2 Sigmund


Innate Abilities, Weirdness & Mutations

You have extremely sharp teeth.
When hurt, damage is shared between your health and your magic reserves.
Your bite disrupts and absorbs the magic of your enemies.
Potions cannot restore your health.
You are immune to rotting.


Message History

You hit the goblin.
You kill the goblin!
The goblin hits you but does no damage.
Unknown command.
The goblin wields a +0 hunting sling.
The goblin shoots a stone.
The stone barely misses you.
A kobold comes into view. It is wielding a +0 club.
The goblin shoots a stone.
The stone hits you. Sigmund gestures at you while chanting.
The magic dart hits you!
You see here a stone.
The goblin shoots a stone.
The stone hits you but does no damage.
You see here a stone.
Sigmund casts a spell at you.
You are confused.
The goblin shoots a stone.
The stone barely misses you. Sigmund casts a spell at you.
The puff of flame hits you!
Ouch! That really hurt!
You die...

.. #.........# ##.###
...##.........# ##.#.
............#### #...
....##...K@g# #...
..........(.############.#.
.##.#####..(...............
.. ##.######.#######.. #
#.# #.# #.. #@# #.# #.) #.#
#.# #.. #.######.### #.÷
#.<........# #..
#.#.......)#####..
#.#...............
#†#..............#
#.#........#######
..#.......## #


You could see Sigmund, a goblin and a kobold (wandering).

Vanquished Creatures
  2 adders (D:2)
  A dart slug (D:1)
  2 bats (D:1)
  A giant cockroach (D:2)
  8 goblins
  4 hobgoblins
  7 kobolds
  A quokka (D:2)
  3 frilled lizards (D:1)
  2 rats
31 creatures vanquished.

Notes
Turn   | Place    | Note
-------+----------+-------------------------------------------
     0 | D:1      | HAL9000 the Vine Stalker Assassin began the quest for the
                  | Orb.
     0 | D:1      | Reached XP level 1. HP: 11/11 MP: 2/2
   171 | D:1      | Reached XP level 2. HP: 15/15 MP: 3/3
   743 | D:2      | Reached XP level 3. HP: 14/18 MP: 4/4
  1134 | D:2      | Noticed Sigmund
  1146 | D:2      | Killed from afar by Sigmund

Levels and vault maps discovered:
D:1:      co_arrival_square_in_a_square_in_a_square, layout_basic
D:2:      layout_loops_ring, first_ration, uniq_sigmund

Skill      XL: |  1  2 |
---------------+-------+-----
Short Blades   | 2 3 |  3.7
Fighting       | |  1.7
Throwing       | |  1.7
Dodging        | |  0.7
Stealth        | |  4.8

Action                   || total
-------------------------++-------
Melee: Dagger            ||    77
       Bite              ||    10
 Stab: Sleeping          ||     5
  Eat: Chunk             ||     1
Armor: Robe              ||     9
Dodge: Dodged            ||    32

Table legend:
 A = Non-vault XP
 B = Vault XP
 C = Vault XP percentage of total XP
 D = Non-vault monster count
 E = Vault monster count
 F = Vault count percentage of total count
                 A         B        C        D         E       F
            +---------+---------+-------+---------+---------+-------
      Total |      76 |       0 |   0.0 |      31 |       0 |   0.0
            +---------+---------+-------+---------+---------+-------
        D:1 |      32 |       0 |   0.0 |      18 |       0 |   0.0
        D:2 |      44 |       0 |   0.0 |      13 |       0 |   0.0
            +---------+---------+-------+---------+---------+-------
